 Dungeon Crawl Stone Soup version 0.31.0-12-g77e489cdc1 (webtiles) character file.

Game seed: 13257901580156664867

2565 spaghetti the Cutter (level 9, -6/94 HPs)
             Began as a Demonspawn Chaos Knight on Feb 23, 2024.
             Was a Plaything of Xom.
             Killed by vampiric draining
             ... invoked by a vampire
              (14 damage)
             ... on level 7 of the Dungeon.
             The game lasted 00:06:35 (5609 turns).

spaghetti the Cutter (Demonspawn Chaos Knight)      Turns: 5609, Time: 00:06:36

Health: -6/94      AC:  7    Str: 12    XL:     9   Next: 31%
Magic:  9/9        EV: 21    Int: 11    God:    Xom [......]
Gold:   412        SH:  0    Dex: 17    Spells: 5/8 levels left

rFire   . . .        n - +2 dagger (speed)
rCold   + . .        (no shield)
rNeg    . . .        d - +2 robe {rC+ rF+}
rPois   .            (helmet restricted)
rElec   .            s - +0 cloak
rCorr   .            (no gloves)
SInv    .            (no boots)
Will    .....        j - amulet of the acrobat Stlth
                     q - +5 ring of evasion
HPRegen 0.35/turn    w - +5 ring of evasion
MPRegen 0.11/turn

%: acrobat, clarity
@: berserking, very quick
A: horns 2, powered by death 1, spiny 1, iridescent scales 1, clarity, dopey 1,
heat vulnerability 1
a: Renounce Religion


You were on level 7 of the Dungeon.
You worshipped Xom.
You were a very special plaything of Xom.
You visited 1 branch of the dungeon, and saw 7 of its levels.

You collected 412 gold pieces.

Inventory:

Hand Weapons
 a - a +1 short sword of chaos
 n - a +2 dagger of speed (weapon)
Missiles
 t - 2 throwing nets (quivered)
Armour
 d - a +2 robe of resistance (worn)
 s - a +0 cloak (worn)
Jewellery
 b - a ring of willpower
 j - an amulet of the acrobat (around neck)
 o - an amulet of faith
 q - a +5 ring of evasion (left hand)
 w - a +5 ring of evasion (right hand)
Wands
 p - a wand of charming (6)
Scrolls
 c - a scroll of butterflies
 h - a scroll of noise
 l - a scroll of fog
 m - 2 scrolls of immolation
Potions
 e - 5 potions of curing
 f - a potion of enlightenment


   Skills:
 - Level 3.0 Fighting
 + Level 7.7 Short Blades
 - Level 1.7 Armour
 - Level 0.8 Dodging
 + Level 7.7 Stealth
 + Level 6.6 Necromancy


You had 5 spell levels left.
You knew the following spells:

 Your Spells              Type           Power      Damage    Failure   Level
a - Fugue of the Fallen   Necr           14%        N/A       7%          3

Your spell library contained the following spells:

 Spells                   Type           Power      Damage    Failure   Level
 Necrotise                Necr           56%        1d6       2%          1
 Apportation              Tloc           0%         N/A       34%         1
 Sting                    Conj/Alch      0%         1d3       34%         1
 Summon Small Mammal      Summ           0%         N/A       34%         1
 Ensorcelled Hibernation  Hex/Ice        0%         N/A       47%         2
 Anguish                  Hex/Necr       3%         N/A       65%         4
 Borgnjor's Vile Clutch   Necr/Erth      3%         N/A       94%         5
 Alistair's Intoxication  Alch           0%         N/A       100%        5
 Eringya's Noxious Bog    Alch           0%         4d6       100%        6


Dungeon Overview and Level Annotations

Branches:
Dungeon (7/15)             Temple (0/1) D:5

Altars:
Ashenzari
Cheibriados
Makhleb
Nemelex Xobeh
Qazlal
Ru
Sif Muna
Vehumet
Wu Jian


Innate Abilities, Weirdness & Mutations

You have a pair of horns on your head.
You regenerate a little health from kills.
You are partially covered in sharp spines.
You are partially covered in iridescent scales. (AC +2)
You possess an exceptional clarity of mind.
You are dopey. (Int -2)
You are vulnerable to heat. (rF-)


Message History

Something barely misses you.
You hit something but do no damage. You headbutt something!
You hit something but do no damage.
You hear some strange, mumbled words.
Something tries to affect you, but you resist.
You hit something but do no damage. You headbutt something.
You hit something but do no damage. You hit something.
Your headbutt misses something. Something closely misses you.
Something bites you but does no damage.
You hit something. You headbutt something. You miss something.
Your headbutt misses something. Something hits you! Something bites you.
Something draws strength from your injuries!
You closely miss something. You hit something but do no damage.
You hit something but do no damage. Something hits you. Something bites you.
Something draws strength from your injuries!
You hit something. You hit something. Something draws life force from you!
* * * LOW HITPOINT WARNING * * *
You emit a cloud of colourful smoke!
You hit something but do no damage. You barely miss something.
You hit something but do no damage. Something draws life force from you!
* * * LOW HITPOINT WARNING * * *
It was a potion of berserk rage.
A red film seems to cover your vision as you go berserk!
You feel yourself moving faster!
You feel mighty!
Xom roars with laughter!
Something barely misses you. Something bites you but does no damage.
You hit something. Your headbutt misses something. You barely miss something.
Your headbutt misses something. You hit something. You headbutt something.
Something draws life force from you!
* * * LOW HITPOINT WARNING * * *
Unknown command.
You miss something. Your headbutt misses something. You hit something.
You closely miss something. You barely miss something.
Something draws life force from you!
You die...

####... # ..#
####.... ..##
##....###
...######..#### ##
..........#####
#..
#$.......≈~≈≈≈##
#..#
#.......~≈≈≈≈≈≈#
#...####
##§.###.~~≈~~≈≈≈≈≈
#.....###@{#
#V~≈~~≈≈≈≈##
######.†§#§.#
#~~~≈~#####
##..##.# #~~~~~~#
#..# ..##.≈~~..#
#.## .##.~~.~.#
#.# ..#~~.~~.# #.#
...~~.~.# ... #$.
...


There were no monsters in sight!

Vanquished Creatures
  Grinder (D:4)
  Sigmund (D:4)
  A wraith (D:5)
  3 sky beasts
  A black bear (D:6)
  2 ice beasts (D:6)
  2 ogres
  A centaur (D:6)
  A phantom (D:5)
  A bullfrog (D:7)
  2 scorpions (D:6)
  A wight (D:6)
  A howler monkey (D:6)
  A bombardier beetle (D:2)
  A crimson imp (D:5)
  A jelly (D:6)
  6 hounds
  An orc priest (D:4)
  An iron imp (D:6)
  Terence (D:2)
  3 sleepcaps
  Crazy Yiuf (D:4)
  Jessica (D:3)
  3 iguanas
  Ijyb (D:3)
  4 orc wizards
  11 adders
  A white imp (D:7)
  An ufetubus (D:6)
  A dart slug (D:5)
  2 ribbon worms
  15 orcs
  6 ball pythons
  9 bats
  9 endoplasms
  A giant cockroach (D:4)
  7 goblins
  4 hobgoblins
  5 kobolds
  7 quokkas
  2 frilled lizards (D:1)
  8 rats
132 creatures vanquished.

Notes
Turn   | Place    | Note
-------+----------+-------------------------------------------
     0 | D:1      | spaghetti the Demonspawn Chaos Knight began the quest for
                  | the Orb.
     0 | D:1      | Reached XP level 1. HP: 18/18 MP: 1/1
    57 | D:1      | Reached skill level 1 in Stealth
    65 | D:1      | Discovered your monstrous ancestry.
    65 | D:1      | Gained mutation: You have a pair of small horns on your
                  | head. [demonic ancestry]
    65 | D:1      | Reached XP level 2. HP: 21/24 MP: 2/2
   300 | D:1      | XOM: smoke on damage
   526 | D:2      | Gained mutation: You have a pair of horns on your head.
                  | [demonic ancestry]
   526 | D:2      | Reached XP level 3. HP: 29/29 MP: 3/3
   650 | D:2      | XOM: smoke on damage
   845 | D:2      | XOM: silly message
   846 | D:2      | Noticed Terence
   854 | D:2      | Killed Terence
   855 | D:2      | Gained mutation: You regenerate a little health from kills.
                  | [demonic ancestry]
   855 | D:2      | Reached XP level 4. HP: 31/35 MP: 4/4
  1056 | D:2      | Reached XP level 5. HP: 17/41 MP: 5/5
  1126 | D:2      | XOM: stat loss: -1 Dex (14/15)
  1201 | D:2      | Found a faded altar of an unknown god.
  1464 | D:3      | Noticed Jessica
  1464 | D:3      | XOM: give mutations
  1464 | D:3      | Gained mutation: You are agile. (Dex +4, Str/Int -1) [Xom's
                  | mischief]
  1464 | D:3      | Lost mutation: You are agile. (Dex +4, Str/Int -1) [Xom's
                  | mischief]
  1464 | D:3      | Gained mutation: Your body sometimes deteriorates upon
                  | taking damage. [Xom's mischief]
  1470 | D:3      | XOM: smoke on damage
  1473 | D:3      | Killed Jessica
  1649 | D:3      | XOM: enchant monster (bad)
  1749 | D:3      | Noticed Ijyb
  1751 | D:3      | XOM: potion effect (attraction)
  1767 | D:3      | Killed Ijyb
  2183 | D:3      | Found a shimmering blue altar of Sif Muna.
  2570 | D:4      | XOM: summons 3 hostile demons
  2704 | D:4      | Noticed an ogre
  2708 | D:4      | XOM: chaos cloud
  2711 | D:4      | XOM: butterfly on damage
  2713 | D:4      | Killed an ogre
  2714 | D:4      | Reached skill level 5 in Short Blades
  2714 | D:4      | Reached XP level 6. HP: 43/47 MP: 6/6
  2911 | D:4      | Noticed Grinder
  2912 | D:4      | XOM: swap monsters
  2914 | D:4      | XOM: 4-stop teleportation journey
  2919 | D:4      | Learned a level 3 spell: Fugue of the Fallen
  2995 | D:4      | Noticed Sigmund
  3005 | D:4      | Lost mutation: Your body sometimes deteriorates upon taking
                  | damage. [potion of mutation]
  3005 | D:4      | Gained mutation: You are covered in fur. (AC +1) [potion of
                  | mutation]
  3005 | D:4      | Gained mutation: You are partially covered in iridescent
                  | scales. (AC +2) [potion of mutation]
  3005 | D:4      | Gained mutation: You are dopey. (Int -2) [potion of
                  | mutation]
  3018 | D:4      | Killed Grinder
  3019 | D:4      | Reached XP level 7. HP: 34/52 MP: 7/7
  3019 | D:4      | Killed Sigmund
  3020 | D:4      | Reached skill level 5 in Stealth
  3237 | D:4      | Found a sacrificial altar of Ru.
  3277 | D:4      | XOM: cleaving
  3379 | D:4      | Found a stormy altar of Qazlal.
  3510 | D:4      | Found a runed translucent door.
  3511 | D:4      | Noticed Crazy Yiuf
  3634 | D:4      | Killed Crazy Yiuf
  3703 | D:5      | Entered Level 5 of the Dungeon
  3887 | D:5      | XOM: noise
  3905 | D:5      | Found a staircase to the Ecumenical Temple.
  4023 | D:5      | Gained mutation: You are partially covered in sharp spines.
                  | [demonic ancestry]
  4023 | D:5      | Reached XP level 8. HP: 58/58 MP: 8/8
  4024 | D:5      | XOM: cleaving
  4028 | D:5      | XOM: divination: magic mapping
  4075 | D:5      | Lost mutation: You are covered in fur. (AC +1) [potion of
                  | mutation]
  4075 | D:5      | Lost mutation: You are partially covered in iridescent
                  | scales. (AC +2) [potion of mutation]
  4075 | D:5      | Gained mutation: You are vulnerable to heat. (rF-) [potion
                  | of mutation]
  4075 | D:5      | Gained mutation: You are partially covered in iridescent
                  | scales. (AC +2) [potion of mutation]
  4075 | D:5      | Gained mutation: You possess an exceptional clarity of
                  | mind. [potion of mutation]
  4109 | D:5      | XOM: silly message
  4308 | D:5      | Found a burning altar of Makhleb.
  4412 | D:6      | XOM: silly message
  4473 | D:6      | Found a sparkling altar of Nemelex Xobeh.
  4477 | D:6      | XOM: polymorph endoplasm -> bat
  4488 | D:6      | Reached skill level 5 in Necromancy
  4514 | D:6      | Found a radiant altar of Vehumet.
  4535 | D:6      | XOM: silly message
  4588 | D:6      | XOM: divination: detect items
  4669 | D:6      | Found a broken altar of Ashenzari.
  4915 | D:6      | XOM: potion effect (invisibility)
  4952 | D:6      | Reached XP level 9. HP: 63/63 MP: 9/9
  5033 | D:6      | Found an ornate altar of the Wu Jian Council.
  5047 | D:6      | XOM: polymorph ufetubus -> iron imp
  5513 | D:7      | Found a snail-covered altar of Cheibriados.
  5551 | D:7      | XOM: blink monster(s)
  5554 | D:7      | XOM: 2-stop teleportation journey
  5598 | D:7      | XOM: smoke on damage
  5609 | D:7      | Killed from afar by a vampire

Illustrated notes

Levels and vault maps discovered:
D:1:      sevenhm_arrival_forest_fort_small_3, layout_basic,
          minmay_misc_feat_columns
D:2:      layout_loops_ring, basic_ecumenical_altar, uniq_terence
D:3:      layout_loops_ring, nicolae_sif_muna_little_library,
          amcnicky_mini_corridor_feature, uniq_ijyb, uniq_jessica
D:4:      layout_loops_corners, mainiacjoe_overflow_24_doors,
          mainiacjoe_overflow_alcove_2, uniq_grinder, uniq_crazy_yiuf_cottage,
          uniq_sigmund
D:5:      nicolae_cairo_tiling_large, layout_rooms, makhleb_grotto_becter,
          minmay_temple_entry_overgrown, minmay_small_thing
D:6:      nicolae_cairo_tiling, layout_loops_ring, kennysheep_mini,
          nemelex_dance_club_becter, kennysheep_little_box, lemuel_round_altar,
          ashenzari_conservatory_becter, corexii_corridor_pit, minmay_crossroads
D:7:      layout_layer_cave, kennysheep_mini_moat, slow_altar_1, serial_rivers,
          chequers_serial_rivers_small_b, chequers_serial_rivers_large_b,
          chequers_serial_rivers_large_a, chequers_serial_rivers_room_b,
          chequers_serial_rivers_micro_a

Skill      XL: |  1  2  3  4  5  6  7  8 |
---------------+-------------------------+-----
Short Blades   | 3 4 5 6 7 |  7.7
Stealth        | 1 2 3 4 5 7 |  7.7
Necromancy     | 2 3 6 |  6.6
Fighting       | |  3.0
Armour         | |  1.7
Dodging        | |  0.8

Action                     |  1- 3 |  4- 6 |  7- 9 || total
---------------------------+-------+-------+-------++-------
  Melee: Short sword       |    86 |    34 |       ||   120
         Headbutt          |    12 |    31 |    61 ||   104
         Punch             |     1 |     5 |     4 ||    10
         Dagger            |       |   138 |   302 ||   440
   Cast: Fugue of the Fall |       |       |     1 ||     1
    Use: Scroll            |     4 |     1 |     3 ||     8
         Potion            |       |     6 |     7 ||    13
   Stab: Distracted        |     1 |       |     1 ||     2
         Sleeping          |     1 |     4 |    19 ||    24
         Confused          |       |     1 |       ||     1
         Invisible         |       |       |     7 ||     7
 Armour: Leather armour    |    42 |    59 |       ||   101
         Robe              |       |       |    48 ||    48
  Dodge: Dodged            |    41 |    57 |   100 ||   198
